Map: Jagannatha LE

Players

CuttleFish

  • Race: Zerg Zerg
  • League: Gold
  • Spawn Location: 1:00

DANKCRAFT - Winner!

  • Race: Terran Terran
  • League: Diamond
  • Spawn Location: 7:00

VOD

Have the link to the VOD?

Description

Time

  • Played on: March 7, 2021, 11:33 p.m.
  • Length: 17:50
Show
View Real Time Build Order
Export as new Build Order

CuttleFish Zerg 

Build Orders: 3 Hatch before Pool 

Get SALT Encoding   

  12  0:13  Overlord  
  12  0:14  Drone  
  12  0:17  Drone  
  14  0:32  Drone  
  16  0:35  Drone  
  16  0:48  Drone  
  17  1:03  Hatchery  
  17  1:14  Hatchery  
  16  1:18  Spawning Pool  
  16  1:24  Drone x2, Extractor  
  16  1:41  Drone x2  
  18  1:48  Drone  
  19  1:59  Drone  
  20  2:06  Queen  
  22  2:09  Overlord  
  22  2:26  Zergling x2  
  22  2:27  Queen  
  26  2:30  Drone x2  
  27  2:43  Drone x2  
  29  2:46  Queen  
  31  2:59  Drone x3  
  34  3:08  Lair  
  34  3:19  Overlord x2  
  34  3:22  Overlord  
  34  3:38  Zergling x6  
  34  3:39  Overlord, Zergling x2  
  38  4:01  Drone x7  
  45  4:12  Overlord x2  
  45  4:19  Hatchery  
  45  4:20  Spire  
  45  4:21  Queen  
  45  4:22  Extractor  
  45  4:24  Drone x3  
  47  4:33  Drone x2  
  47  4:38  Extractor  
  48  4:40  Drone  
  48  4:41  Extractor  
  48  4:55  Drone x3  
  51  5:09  Overseer  
  51  5:13  Drone x5  
  56  5:38  Mutalisk x4  
  65  5:42  Zergling x2  
  65  5:45  Zergling x6  
  67  6:05  Mutalisk x2  
  71  6:11  Drone x8  
  78  6:26  Mutalisk x2  
  78  6:31  Mutalisk  
  77  6:34  Overlord  
  77  6:36  Zergling x6  
  80  6:49  Extractor  
  80  6:53  Extractor, Mutalisk x2  
  82  6:55  Zergling x14  
  89  7:03  Infestation Pit  
  88  7:14  Mutalisk  
  90  7:16  Overlord  
  90  7:17  Overlord x6  
  90  7:32  Baneling Nest  
  90  7:33  Zerg Flyer Weapons Level 1  
  89  7:49  Mutalisk  
  89  7:50  Mutalisk x2  
  95  7:52  Overlord x6  
  95  7:53  Overlord x5  
  95  8:07  Hatchery  
  95  8:10  Queen  
  96  8:21  Hive  
  96  8:22  Metabolic Boost  
  96  8:37  Drone x12  
  108  8:55  Hatchery  
  107  8:57  Mutalisk x5  
  117  9:27  Infestor x5, Zerg Flyer Armor Level 1  
  127  9:55  Drone x12  
  127  9:56  Drone x5  
  144  10:10  Ultralisk Cavern  
  144  10:12  Evolution Chamber  
  142  10:14  Evolution Chamber  
  141  10:23  Extractor  
  141  10:26  Mutalisk x8  
  156  10:29  Extractor  
  155  10:37  Extractor  
  155  10:38  Extractor  
  153  10:52  Drone x11  
  153  10:53  Drone x4  
  168  11:00  Burrow  
  168  11:04  Ultralisk x3  
  186  11:11  Zerg Ground Armor Level 1  
  186  11:30  Ultralisk x2  
  198  11:36  Chitinous Plating  
  178  12:10  Overseer x4  
  178  12:12  Ultralisk x2  
  178  12:13  Ultralisk x2  
  194  12:27  Ultralisk  
  188  12:47  Ultralisk  
  188  12:48  Ultralisk  
  198  12:57  Ultralisk x3  
  170  13:03  Corruptor x2  
  129  13:20  Drone x10  
  129  13:21  Drone x14  
  129  13:24  Corruptor x2  
  145  13:28  Drone  
  146  13:35  Spore Crawler, Mutalisk x2  
  146  13:36  Mutalisk x2  
  146  13:38  Spore Crawler  
  146  13:42  Drone x6  
  146  13:46  Mutalisk  
  154  13:54  Mutalisk  
  154  13:55  Mutalisk  
  152  14:04  Drone x10  
  162  14:28  Mutalisk  
  162  14:29  Mutalisk x6  
  176  14:45  Spore Crawler  
  175  14:48  Spore Crawler, Spine Crawler  
  175  14:50  Spine Crawler  
  158  15:26  Corruptor x14  
  153  15:29  Hatchery  
  153  15:32  Drone x5  
  148  15:42  Corruptor x2  
  152  15:48  Drone x3  
  123  16:17  Mutalisk x2  
  123  16:18  Mutalisk x3  
  133  16:31  Drone x10  
  82  16:58  Mutalisk x6  
Show
View Real Time Build Order
Export as new Build Order

DANKCRAFT Terran - Winner!

Build Orders: 2 Factory, Command Center First (CC) 

Get SALT Encoding   

  12  0:05  SCV  
  13  0:17  SCV  
  14  0:29  SCV  
  14  0:31  Supply Depot  
  15  0:53  SCV  
  16  1:01  Command Center  
  16  1:06  SCV  
  17  1:17  Refinery  
  17  1:28  Barracks  
  17  1:30  SCV  
  18  1:42  SCV  
  19  1:47  Refinery  
  19  1:54  SCV  
  20  2:06  SCV  
  21  2:15  Marine  
  22  2:17  Bunker, Supply Depot  
  22  2:21  SCV  
  23  2:23  SCV  
  24  2:33  SCV  
  24  2:35  SCV  
  26  2:40  Marine  
  27  2:45  SCV  
  27  2:47  SCV  
  29  2:57  SCV  
  30  2:59  SCV  
  31  3:06  Factory  
  31  3:08  Factory  
  33  3:20  Factory  
  33  3:22  Orbital Command  
  33  3:23  Orbital Command  
  31  3:30  Refinery  
  31  3:34  Marine, Refinery  
  32  3:52  Marine  
  33  4:01  SCV  
  33  4:02  SCV  
  35  4:04  Hellion x2  
  35  4:05  Hellion  
  41  4:13  SCV  
  42  4:18  Starport, SCV  
  43  4:26  SCV  
  43  4:31  Factory Reactor x2  
  45  4:38  SCV  
  45  4:41  Factory Tech Lab  
  45  4:46  SCV  
  45  4:47  Armory  
  46  4:58  Supply Depot  
  46  4:59  Supply Depot  
  46  5:00  Supply Depot  
  46  5:19  SCV x2, Hellion x3  
  46  5:21  Viking  
  56  5:25  Supply Depot  
  56  5:26  Hellion  
  58  5:31  SCV x2  
  60  5:43  SCV x2  
  60  5:46  Supply Depot  
  60  5:49  Drilling Claws  
  62  5:51  Widow Mine x2  
  62  5:55  SCV x2  
  68  5:57  Command Center  
  74  6:04  Widow Mine x3  
  74  6:08  SCV  
  75  6:13  Widow Mine x2  
  81  6:25  Widow Mine  
  81  6:26  Widow Mine x2  
  81  6:34  Widow Mine x2  
  81  6:47  Widow Mine x2, Engineering Bay  
  85  6:58  Widow Mine x3  
  91  7:08  Widow Mine  
  93  7:09  Widow Mine  
  95  7:16  Missile Turret x2  
  95  7:18  Missile Turret  
  95  7:19  Widow Mine x2  
  95  7:20  Missile Turret x2  
  95  7:21  Missile Turret  
  99  7:26  Missile Turret  
  99  7:29  Widow Mine x2  
  103  7:30  Widow Mine  
  105  7:41  Widow Mine x2  
  109  7:53  Starport  
  109  7:54  Starport  
  109  7:57  Missile Turret  
  109  7:58  Missile Turret  
  109  8:03  Planetary Fortress  
  109  8:28  Widow Mine x5, SCV x2  
  109  8:29  Supply Depot  
  109  8:31  Supply Depot  
  109  8:33  Starport Tech Lab x2  
  121  8:35  Starport Tech Lab  
  115  8:50  Widow Mine x5  
  115  8:51  Missile Turret  
  125  9:06  Refinery x2  
  124  9:11  Widow Mine, SCV x2  
  127  9:18  Raven x3  
  127  9:23  SCV x2  
  135  9:33  Missile Turret  
  135  9:34  Widow Mine x3  
  141  10:00  Starport  
  141  10:08  Starport  
  141  10:21  Widow Mine, Raven x3, SCV x2  
  141  10:22  Widow Mine x3  
  141  10:23  Supply Depot x2  
  157  10:37  Starport Tech Lab  
  157  10:45  Widow Mine, SCV x2, Command Center  
  161  10:59  Ghost Academy  
  161  11:03  Ghost Academy  
  161  11:04  Raven x3  
  161  11:09  Ghost Academy  
  161  11:10  Ghost Academy  
  161  11:11  Ghost Academy  
  167  11:22  Starport Tech Lab  
  167  11:36  Missile Turret  
  167  11:42  Personal Cloaking, Enhanced Shockwaves  
  167  11:56  Missile Turret x2, Barracks Tech Lab  
  167  11:57  Missile Turret  
  167  11:59  Planetary Fortress  
  167  12:12  Raven x3  
  161  12:48  Viking x2  
  163  12:54  Raven  
  163  12:55  Raven, Viking  
  163  13:18  Viking x2  
  167  13:25  Viking  
  169  13:37  Raven  
  171  13:47  Command Center  
  171  13:48  Ghost  
  171  13:51  Nuke  
  169  14:06  Nuke x2  
  169  14:15  Refinery  
  169  14:16  Refinery, Ghost  
  169  14:19  Refinery  
  169  14:20  Refinery  
  171  14:31  Widow Mine  
  171  14:32  Widow Mine x4  
  181  14:45  Ghost  
  180  14:53  Widow Mine x4  
  187  15:03  Widow Mine  
  186  15:14  Widow Mine  
  186  15:17  Widow Mine  
  178  15:24  Widow Mine  
  171  16:17  SCV  
  172  16:28  Command Center  
  172  16:29  SCV  
  172  16:30  Command Center  
  172  16:47  SCV  
  172  16:48  Ghost, Banshee  
  171  17:17  Ghost  
Tags
 
Add a new tag
Caveats
  • Supply blocks, unpowered buildings, or Contaminate may cause inaccurate times.
  • Supply counts are checked every 10 seconds.